 Dungeon Crawl Stone Soup version 0.30.0-20-g3b4254fcbd (webtiles) character file.

Game seed: 449023430500827546

129 jagang the Digger (level 5, -3/31 HPs)
             Began as an Octopode Earth Elementalist on June 2, 2023.
             Slain by a scorpion (5 damage)
             ... on level 4 of the Dungeon.
             The game lasted 00:05:21 (2834 turns).

jagang the Digger (Octopode Earth Elementalist)     Turns: 2834, Time: 00:05:23

Health: -3/31      AC:  1    Str:  6 (8)  XL:     5   Next: 12%
Magic:  3/9        EV: 13    Int: 16 (19) God:
Gold:   213        SH:  0    Dex:  9 (12) Spells: 5/9 levels left

rFire   . .          .
                       - Unarmed
rCold   . . .        (no shield)
rNeg    . . .        (helmet restricted)
rPois   .            m - amulet of regeneration
rElec   .            b - ring of resist corrosion
rCorr   +            e - ring of wizardry
SInv    .            (no ring)
Will    .....        (no ring)
Stlth   +++          (no ring)
HPRegen 1.05/turn    (no ring)
MPRegen 0.11/turn    (no ring)
                     (no ring)

%: wizardry (x1)
@: lethally poisoned (-3 -> -3), very slightly contaminated
A: almost no armour, amphibious, 8 rings, camouflage 1, gelatinous body 1,
(nimble swimmer 1), tentacles
a: no special abilities


You were on level 4 of the Dungeon.
You visited 1 branch of the dungeon, and saw 4 of its levels.

You collected 213 gold pieces.

Inventory:

Jewellery
 b - a ring of resist corrosion (left tentacle)
 e - a ring of wizardry (right tentacle)
 m - an amulet of regeneration (around mantle)
 q - an amulet of reflection
Scrolls
 c - 6 scrolls of identify {unknown}
 d - a scroll of immolation {unknown}
 f - a scroll of amnesia {unknown}
 h - a scroll of magic mapping {unknown}
 k - 2 scrolls of teleportation {unknown}
 n - a scroll of fog {unknown}
Potions
 a - a potion of magic
 g - a potion of mutation {unknown}
 i - 3 potions of degeneration
 j - a potion of haste {unknown}
 l - a potion of invisibility {unknown}
 o - 2 potions of resistance {unknown}
 p - 2 potions of curing {unknown}


   Skills:
 + Level 2.8 Dodging
 - Level 2.6 Stealth
 + Level 1.8 Unarmed Combat
 + Level 2.7 Spellcasting
 * Level 0.0 Conjurations
 - Level 1.0 Transmutations
 * Level 4.2 Earth Magic


You had 5 spell levels left.
You knew the following spells:

 Your Spells              Type           Power      Damage    Failure   Level
a - Sandblast             Erth           30%        2d9       1%          1
b - Stone Arrow           Conj/Erth      18%        3d8       10%         3

Your spell library contained the following spells:

 Spells                   Type           Power      Damage    Failure   Level
 Passwall                 Tmut/Erth      8%         N/A       4%          2
 Petrify                  Tmut/Erth      10%        N/A       26%         4


Dungeon Overview and Level Annotations

Branches:
Dungeon (4/15)
 Temple: D:4-7

Altars:
Kikubaaqudgha
Qazlal
Ru
Wu Jian

Shops:
D:3 [


Innate Abilities, Weirdness & Mutations

You cannot wear most types of armour.
You are amphibious.
You can wear up to eight rings at the same time.
Your skin changes colour to match your surroundings (Stealth+).
Your rubbery body absorbs attacks. (AC +1, EV +1)
((You are camouflaged when in or above water. (Stealth+)))
You have tentacles for arms and can constrict up to eight enemies at once.


Message History

The blast of sand misses the scorpion.
The blast of sand hits the scorpion.
The scorpion is lightly wounded.
The scorpion completely misses you.
The blast of sand hits the scorpion.
The scorpion is lightly wounded.
The scorpion stings you! x2
You are poisoned.
The scorpion poisons you!
The blast of sand misses the scorpion.
You feel very sick. The scorpion misses you. The scorpion stings you.
* * * LOW HITPOINT WARNING * * *
You are too injured to fight recklessly!
It was a potion of degeneration.
There was something very wrong with that liquid.
You feel weakened.
You feel dopey.
You feel clumsy.
You feel sick. The scorpion closely misses you.
The quokka completely misses you.
Casting: Sandblast (safe; 1% risk of failure)
Confirm with . or Enter, or press ? or * to list all spells.
The spell is quite dangerous to miscast (10% risk of failure)!
Continue anyway?
Okay, then.
Sorry, you're not good enough to have a special ability.
The scorpion attacks as you move away! The scorpion stings you.
* * * LOW HITPOINT WARNING * * *
The quokka attacks as you move away! The quokka completely misses you.
You feel sick.
Casting: Stone Arrow (quite dangerous; 10% risk of failure)
Confirm with . or Enter, or press ? or * to list all spells.
The spell is quite dangerous to miscast (10% risk of failure)!
Continue anyway? [Y]es or [N]o only, please.
The spell is quite dangerous to miscast (10% risk of failure)!
Continue anyway?
Aiming: Stone Arrow (quite dangerous; 10% risk of failure)
Press: ? - help, Shift-Dir - straight line, f/p - scorpion
Aim: a scorpion (lightly wounded, 64% to hit)
You miscast Stone Arrow.
You are very lightly contaminated with residual magic.
Nothing appears to happen.
You feel sick. The scorpion stings you.
You die...

.###.....##......###
.#...............#.####
.................#..#.#
....##..>....#........##
#..####................##
#..# #..................#
...# ##.....#..........##
..## #......#....r.......
...# ##........#@s.......
...####...##...#.........
....#)....##.............
......#...##.....###.....
......#..[......## .....
..........#.......# .#..
.#...##...........# .#..
.#........##...>....
..#[..#...###........


You could see a scorpion and a quokka.

Vanquished Creatures
  5 adders
  An ufetubus (D:4)
  4 worms
  A dart slug (D:1)
  3 orcs (D:3)
  3 ball pythons (D:1)
  4 bats
  An endoplasm (D:4)
  4 giant cockroaches
  6 hobgoblins
  3 jackals (D:1)
  4 quokkas
  2 frilled lizards
  7 goblins
  8 kobolds
  6 rats
62 creatures vanquished.

Vanquished Creatures (others)
  A quokka (D:4)
1 creature vanquished.

Grand Total: 63 creatures vanquished

Notes
Turn   | Place    | Note
-------+----------+-------------------------------------------
     0 | D:1      | jagang the Octopode Earth Elementalist began the quest for
                  | the Orb.
     0 | D:1      | Reached XP level 1. HP: 11/11 MP: 3/3
   235 | D:1      | Reached XP level 2. HP: 17/17 MP: 1/5
   801 | D:1      | Reached XP level 3. HP: 21/21 MP: 4/6
  1089 | D:2      | Reached skill level 1 in Unarmed Combat
  1268 | D:2      | Reached XP level 4. HP: 27/27 MP: 5/7
  1413 | D:2      | Found an ornate altar of the Wu Jian Council.
  1706 | D:2      | Found a faded altar of an unknown god.
  1842 | D:3      | Found an ornate altar of the Wu Jian Council.
  1880 | D:3      | Reached skill level 4 in Earth Magic
  2343 | D:3      | Found an ancient bone altar of Kikubaaqudgha.
  2348 | D:3      | Found a sacrificial altar of Ru.
  2353 | D:3      | Found a stormy altar of Qazlal.
  2429 | D:3      | Found Jukhun's Antique Armour Shop.
  2749 | D:4      | Reached XP level 5. HP: 31/31 MP: 7/9
  2785 | D:4      | Learned a level 3 spell: Stone Arrow
  2834 | D:4      | Slain by a scorpion

Illustrated notes

Levels and vault maps discovered:
D:1:      nicolae_arrival_washed_ashore, layout_basic, minmay_gold_behind_fungi,
          dreamdust_wishing_well
D:2:      layout_rooms, shapermc_ecumenical_altar_totnotflames, basic_altar
D:3:      corexii_shack_village, layout_rooms, mainiacjoe_overflow_boulevard,
          minmay_overflow_temple_star_quad, serial_shops,
          nicolae_shop_advertising_works [nicolae_subvault_shop_adworks],
          minivault_11, minmay_door_square, kennysheep_generic_room_11
D:4:      layout_cave_pools, fiery_altar_vehumet

Skill      XL: |  1  2  3  4 |
---------------+-------------+-----
Unarmed Combat | 1 |  1.8
Earth Magic    | 4 |  4.2
Dodging        | |  2.8
Stealth        | |  2.6
Spellcasting   | |  2.7
Transmutations | |  1.0

Action                     |  1- 3 |  4- 6 || total
---------------------------+-------+-------++-------
  Melee: Unarmed           |    12 |     3 ||    15
         Constrict         |     6 |     1 ||     7
         Tentacles         |     5 |     1 ||     6
   Cast: Sandblast         |    34 |    56 ||    90
    Use: Potion            |       |     1 ||     1
 Armour: Skin              |     2 |     1 ||     3
  Dodge: Dodged            |    11 |    15 ||    26
